 Dungeon Crawl Stone Soup version 0.30-a0-845-g7c6808c8ce (webtiles) character file.

Game seed: 16773024099886330668

158 retardedninja the Shield-Bearer (level 5, -1/47 HPs)
             Began as a Gnoll Fighter on Mar 2, 2023.
             Killed from afar by Sigmund (11 damage)
             ... with a puff of flame
             ... on level 3 of the Dungeon.
             The game lasted 00:03:17 (3194 turns).

retardedninja the Shield-Bearer (Gnoll Fighter)     Turns: 3194, Time: 00:03:17

Health: -1/47      AC: 11    Str: 15 (17) XL:     5   Next: 39%
Magic:  7/7        EV:  9    Int:  7 (8)  God:
Gold:   152        SH:  5    Dex: 10 (11) Spells: 7/7 levels left

rFire   . . .      SeeInvis .    a - +0 flail
rCold   . . .      Faith    .    c - +0 buckler
rNeg    . . .      Spirit   .    b - +0 scale mail
rPois   .          Reflect  .    d - +0 helmet
rElec   .          Rampage  .    q - +0 cloak
rCorr   .                        (no gloves)
Will    .....                    n - +0 pair of boots Stlth
                                 (no amulet)
HPRegen 0.27/turn                f - ring of flight
MPRegen 0.10/turn                (no ring)

@: mighty, flying
A: fangs 1, strong nose, distributed training
a: no special abilities


You were on level 3 of the Dungeon.
You visited 1 branch of the dungeon, and saw 3 of its levels.

You collected 152 gold pieces.

Inventory:

Hand Weapons
 a - a +0 flail (weapon)
Armour
 b - a +0 scale mail (worn)
 c - a +0 buckler (worn)
 d - a +0 helmet (worn)
 n - a +0 pair of boots (worn)
 q - a +0 cloak (worn)
Jewellery
 f - a ring of flight (left hand)
 o - a ring of see invisible
Scrolls
 e - a scroll of enchant armour {unknown}
 h - 2 scrolls of identify {unknown}
 j - a scroll of immolation {unknown}
 m - a scroll of torment {unknown}
Potions
 g - a potion of ambrosia {unknown}
 i - a potion of degeneration
 k - a potion of heal wounds {unknown}
 l - a potion of lignification {unknown}
 r - a potion of mutation {unknown}


   Skills:
 + Level 6.7 Fighting
 + Level 1.5 Short Blades
 + Level 1.5 Long Blades
 + Level 1.5 Axes
 + Level 4.8 Maces & Flails
 + Level 1.5 Polearms
 + Level 1.5 Staves
 + Level 1.5 Ranged Weapons
 + Level 1.5 Throwing
 + Level 6.7 Armour
 + Level 1.5 Dodging
 + Level 1.5 Stealth
 + Level 6.7 Shields
 + Level 1.5 Unarmed Combat
 + Level 1.5 Spellcasting
 + Level 1.2 Conjurations
 + Level 1.2 Hexes
 + Level 1.2 Summonings
 + Level 1.2 Necromancy
 + Level 1.2 Translocations
 + Level 1.2 Transmutations
 + Level 1.2 Fire Magic
 + Level 1.2 Ice Magic
 + Level 1.2 Air Magic
 + Level 1.2 Earth Magic
 + Level 1.2 Poison Magic
 + Level 1.7 Invocations
 + Level 1.5 Evocations


You had 7 spell levels left.
You didn't know any spells.
Your spell library contained the following spells:

 Spells                   Type           Power      Damage    Failure   Level
 Summon Small Mammal      Summ           8%         N/A       71%         1
 Ensorcelled Hibernation  Hex/Ice        4%         N/A       83%         2
 Passwall                 Tmut/Erth      1%         N/A       83%         2
 Call Canine Familiar     Summ           2%         N/A       97%         3
 Summon Guardian Golem    Hex/Summ       2%         N/A       97%         3
 Swiftness                Air            2%         N/A       97%         3
 Tukima's Dance           Hex            2%         N/A       97%         3
 Passage of Golubria      Tloc           2%         N/A       100%        4
 Yara's Violent Unravell  Hex/Tmut       1%         3d3       100%        5


Dungeon Overview and Level Annotations

Branches:
Dungeon (3/15)

Altars:
Fedhas
Wu Jian

Annotations:
D:3 Sigmund


Innate Abilities, Weirdness & Mutations

You have very sharp teeth.
Your uncanny sense of smell can sniff out nearby items.
Your experience applies equally to all skills.


Message History

You barely miss Sigmund.
Sigmund is lightly wounded.
Sigmund gestures wildly while chanting.
Sigmund flickers and vanishes!
Deactivating autopickup; reactivate with Ctrl-A.
You hear some strange, mumbled words.
You are confused.
Something hits you. Something hits you.
You hear some strange, mumbled words.
A magic dart appears from out of thin air!
The magic dart hits you but does no damage.
Something hits you.
You're too confused to move!
You completely miss something.
You feel less confused. You block something's attack.
You miss something. Something hits you.
You miss something.
You hear some strange, mumbled words.
You are confused.
You miss something. Your bite misses something. Something hits you.
Something hits you!
You hear some strange, mumbled words.
Something tries to affect you, but you resist.
You feel less confused. Something hits you.
* * * LOW HITPOINT WARNING * * *
It was a potion of degeneration.
There was something very wrong with that liquid.
You feel weakened.
You feel dopey.
You feel clumsy. Something hits you.
* * * LOW HITPOINT WARNING * * *
You closely miss something. Your bite misses something.
Something hits you but does no damage.
You closely miss something.
You hear some strange, mumbled words.
A puff of flame appears from out of thin air!
The puff of flame hits you!
You die...

########## #........#
#.......>#
##........#
#.........#
###########.........#
................{...#
...>.#######....@...#
###.####......###.###
#.###........##..#
###.............##...
..###...[.......#
##.. ..
#.###)...........
.... ...
...##.<.........##
..#..#
.........)...... .#.#
....#.#........#
...##.


There were no monsters in sight!

Vanquished Creatures
  An orc priest (D:3)
  Robin (D:2)
  4 adders
  2 worms (D:2)
  2 dart slugs (D:1)
  2 orcs (D:3)
  2 endoplasms
  3 giant cockroaches (D:2)
  12 goblins
  6 hobgoblins
  4 kobolds
  4 quokkas (D:2)
  9 ball pythons
  6 bats
  8 frilled lizards
  5 rats
71 creatures vanquished.

Notes
Turn   | Place    | Note
-------+----------+-------------------------------------------
     0 | D:1      | retardedninja the Gnoll Fighter began the quest for the
                  | Orb.
     0 | D:1      | Reached XP level 1. HP: 23/23 MP: 1/1
   193 | D:1      | Reached XP level 2. HP: 29/29 MP: 2/2
   488 | D:1      | Reached XP level 3. HP: 25/35 MP: 3/3
   889 | D:2      | Reached skill level 1 in Invocations
   978 | D:2      | Noticed Robin
   985 | D:2      | Reached skill level 1 in Short Blades
   985 | D:2      | Reached skill level 1 in Long Blades
   985 | D:2      | Reached skill level 1 in Axes
   985 | D:2      | Reached skill level 1 in Polearms
   985 | D:2      | Reached skill level 1 in Staves
   985 | D:2      | Reached skill level 1 in Ranged Weapons
   985 | D:2      | Reached skill level 1 in Throwing
   985 | D:2      | Reached skill level 1 in Dodging
   985 | D:2      | Reached skill level 1 in Stealth
   985 | D:2      | Reached skill level 1 in Unarmed Combat
   985 | D:2      | Reached skill level 1 in Spellcasting
   985 | D:2      | Reached skill level 1 in Evocations
   997 | D:2      | Killed Robin
   998 | D:2      | Reached XP level 4. HP: 20/41 MP: 5/5
  1688 | D:2      | Reached skill level 1 in Conjurations
  1688 | D:2      | Reached skill level 1 in Hexes
  1688 | D:2      | Reached skill level 1 in Summonings
  1688 | D:2      | Reached skill level 1 in Necromancy
  1688 | D:2      | Reached skill level 1 in Translocations
  1688 | D:2      | Reached skill level 1 in Transmutations
  1688 | D:2      | Reached skill level 1 in Fire Magic
  1688 | D:2      | Reached skill level 1 in Ice Magic
  1688 | D:2      | Reached skill level 1 in Air Magic
  1688 | D:2      | Reached skill level 1 in Earth Magic
  1688 | D:2      | Reached skill level 1 in Poison Magic
  2003 | D:3      | Found a faded altar of an unknown god.
  2057 | D:3      | Reached XP level 5. HP: 47/47 MP: 5/7
  2134 | D:3      | Found an ornate altar of the Wu Jian Council.
  2167 | D:3      | Found a blossoming altar of Fedhas.
  3136 | D:3      | Identified the +1 robe of Qoesoqimu {Str+3 Int+4 Dex+4}
  3161 | D:3      | Noticed Sigmund
  3194 | D:3      | Killed from afar by Sigmund

Illustrated notes

Levels and vault maps discovered:
D:1:      roderic_dead_forest, layout_basic
D:2:      layout_basic, chequers_big_river, kennysheep_doodads,
          kennysheep_cross_bottleneck, hangedman_decor_points, uniq_robin
D:3:      layout_rooms, lemuel_crystal_altar,
          mainiacjoe_overflow_catwalk_spiral, nicolae_ecumenical_snake_handling,
          uniq_sigmund

Skill      XL: |  1  2  3  4 |
---------------+-------------+-----
Invocations    | 1 |  1.7
Short Blades   | 1 |  1.5
Long Blades    | 1 |  1.5
Axes           | 1 |  1.5
Polearms       | 1 |  1.5
Staves         | 1 |  1.5
Ranged Weapons | 1 |  1.5
Throwing       | 1 |  1.5
Dodging        | 1 |  1.5
Stealth        | 1 |  1.5
Unarmed Combat | 1 |  1.5
Spellcasting   | 1 |  1.5
Evocations     | 1 |  1.5
Conjurations   | 1 |  1.2
Hexes          | 1 |  1.2
Summonings     | 1 |  1.2
Necromancy     | 1 |  1.2
Translocations | 1 |  1.2
Transmutations | 1 |  1.2
Fire Magic     | 1 |  1.2
Ice Magic      | 1 |  1.2
Air Magic      | 1 |  1.2
Earth Magic    | 1 |  1.2
Poison Magic   | 1 |  1.2
Fighting       | |  6.7
Maces & Flails | |  4.8
Armour         | |  6.7
Shields        | |  6.7

Action                     |  1- 3 |  4- 6 || total
---------------------------+-------+-------++-------
  Melee: Flail             |    99 |   137 ||   236
         Bite              |     5 |    16 ||    21
    Use: Potion            |     2 |     2 ||     4
 Armour: Scale mail        |    57 |    91 ||   148
  Dodge: Dodged            |    67 |    75 ||   142
  Block: Buckler           |    30 |    50 ||    80

Table legend: (Time is in decaauts)
 A = Elapsed time spent in this place.
 B = Non-inter-level travel time spent in this place.
 C = Inter-level travel time spent in this place.
 D = Time resting spent in this place.
 E = Time spent auto-exploring this place.
 F = Levels seen in this place.
 G = Mean time per level.
                   A        B        C        D        E       F      G
               +--------+--------+--------+--------+--------+-----+--------+
         Total |   3244 |   3218 |     26 |   1152 |   1500 |   3 | 1081.3 |
       Dungeon |   3244 |   3218 |     26 |   1152 |   1500 |   3 | 1081.3 |
               +--------+--------+--------+--------+--------+-----+--------+

Top non-repeatable levels by time:
     D:2: 1879 daAuts
     D:1: 869 daAuts
     D:3: 495 daAuts
